Hartford Whalers vs Los Angeles Kings
Created - Tuesday, September 10, 2024 at 10:18
Goals
|
| Hartford Whalers |
1 |
0 |
1 |
2 |
| Los Angeles Kings |
1 |
1 |
2 |
4 |
|
Shots
|
| Hartford Whalers |
17 |
15 |
18 |
50 |
| Los Angeles Kings |
9 |
8 |
14 |
31 |
|
1st period
1. Los Angeles Kings , Seth Jarvis 6 (Logan Cooley 5) at 8:47
2. Hartford Whalers , Torey Krug 2 (Taylor Hall 3, Ryan Suter 3) at 12:33
Penalties :
Kaapo Kakko (HFD) for Tripping (Minor) at 5:08, Michael Eyssimont (LAK) for Interference (Minor) at 13:16, Derek Forbort (HFD) for Tripping (Minor) at 16:06
2nd period
3. Los Angeles Kings , Alexander Romanov 1 (Seth Jarvis 9, Logan Cooley 6) at 14:20
Penalties :
Joshua Brown (LAK) for Fighting (Major) at 2:11, Charlie McAvoy (HFD) for Fighting (Major) at 2:11, Noah Dobson (LAK) for Slashing (Minor) at 4:17
3rd period
4. Los Angeles Kings , Andrei Kuzmenko 7 (Adam Fantilli 8) at 2:56
5. Hartford Whalers , Jonathan Drouin 8 (Nick Suzuki 12) at 6:43 (PP)
6. Los Angeles Kings , Logan Cooley 5 (Seth Jarvis 10, Peyton Krebs 7) at 16:32
Penalties :
K'Andre Miller (LAK) for Fighting (Major) at 0:03, Charlie McAvoy (HFD) for Fighting (Major) at 0:03, K'Andre Miller (LAK) for instigated a fight (Minor) at 0:03, K'Andre Miller (LAK) for instigated a fight (10 Minutes Misconduct) at 0:03, Trent Frederic (LAK) for Roughing (Minor) at 6:35, Torey Krug (HFD) for Tripping (Minor) at 9:36
Goalie Stats
Anton Forsberg (HFD), 27 saves from 31 shots - (0.871), L, 1-2-0, 60:00 minutes
Andrei Vasilevskiy (LAK), 48 saves from 50 shots - (0.960), W, 5-7-2, 60:00 minutes
Players Stats for Hartford Whalers
Player Name G A P +/- PIM S H SB GA TA FO MP PP MP PK MP
------------------------------------------------------------------------------------
Anthony Cirelli 0 0 0 0 0 2 0 0 0 0 1/1 18:40 3:05 3:04
Charlie McAvoy 0 0 0 0 10 3 2 1 0 1 0/0 18:34 1:02 2:46
Derek Forbort 0 0 0 0 2 2 0 1 0 1 0/0 15:24 0:00 1:05
Jonathan Drouin 1 0 1 0 0 6 4 1 1 0 2/3 18:04 3:05 2:48
Josh Anderson 0 0 0 1 0 0 0 0 0 0 0/0 9:54 0:00 0:01
Kaapo Kakko 0 0 0 -1 2 4 2 0 0 1 0/0 12:43 0:00 0:00
Kaiden Guhle 0 0 0 -1 0 1 0 0 0 0 0/0 17:25 1:38 0:12
Lukas Reichel 0 0 0 -1 0 3 1 0 3 0 4/7 12:11 0:00 0:00
Matthew Coronato 0 0 0 1 0 4 1 0 0 0 1/9 9:41 0:00 0:00
Miles Wood 0 0 0 -3 0 0 1 0 0 1 0/1 16:14 3:00 0:00
Morgan Frost 0 0 0 -3 0 4 3 1 0 0 8/19 19:07 3:00 2:52
Nick Suzuki 0 1 1 0 0 6 1 0 2 0 15/21 18:34 3:05 3:09
Ryan McDonagh 0 0 0 -1 0 0 0 3 0 0 0/0 23:11 3:16 2:46
Ryan Suter 0 1 1 -2 0 2 1 3 0 0 0/0 23:07 2:49 3:11
T.J. Oshie 0 0 0 -3 0 2 2 0 1 0 0/1 16:14 3:00 0:00
Taylor Hall 0 1 1 1 0 2 2 1 1 1 0/1 9:43 0:00 0:00
Tomas Tatar 0 0 0 -1 0 4 2 2 1 0 0/0 12:51 0:00 0:00
Torey Krug 1 0 1 -2 2 5 2 0 0 2 0/0 22:21 3:25 1:54
Players Stats for Los Angeles Kings
Player Name G A P +/- PIM S H SB GA TA FO MP PP MP PK MP
------------------------------------------------------------------------------------
Adam Fantilli 0 1 1 1 0 1 1 0 0 0 9/13 13:22 3:01 0:00
Alexander Romanov 1 0 1 1 0 2 1 3 0 1 0/0 22:35 2:58 3:08
Andrei Kuzmenko 1 0 1 1 0 2 0 1 0 0 0/0 16:28 3:01 3:03
Blake Wheeler 0 0 0 0 0 2 1 0 1 0 1/1 15:25 0:00 2:44
Cooper Marody 0 0 0 0 0 0 0 0 1 1 6/9 12:14 0:00 0:00
Erik Brannstrom 0 0 0 1 0 3 0 1 0 1 0/0 16:09 0:00 1:16
Joshua Brown 0 0 0 2 5 0 1 1 0 0 0/0 14:55 0:32 0:00
K'Andre Miller 0 0 0 0 17 4 0 0 0 0 0/0 17:39 1:56 1:58
Logan Cooley 1 2 3 2 0 4 2 0 0 1 7/20 18:34 2:56 3:01
Michael Eyssimont 0 0 0 0 2 0 1 1 1 0 0/0 13:18 0:00 0:30
Noah Dobson 0 0 0 1 2 3 1 2 3 1 0/0 24:05 2:59 2:01
Owen Power 0 0 0 1 0 1 1 3 1 3 0/0 24:27 3:29 3:35
Peyton Krebs 0 1 1 2 0 1 0 0 0 0 1/2 14:56 2:56 0:00
Ruslan Iskhakov 0 0 0 0 0 2 1 3 0 1 7/12 12:43 0:00 0:00
Ryan Reaves 0 0 0 0 0 1 0 0 0 0 1/1 12:48 0:00 0:00
Seth Jarvis 1 2 3 2 0 5 2 1 0 0 0/4 18:08 2:56 3:04
Trent Frederic 0 0 0 1 2 0 1 0 0 0 0/1 13:21 3:01 0:00
Vitali Kravtsov 0 0 0 0 0 0 0 0 0 0 0/0 12:43 0:00 0:00
3 Stars
1 - Andrei Vasilevskiy (LAK)
2 - Seth Jarvis (LAK)
3 - Logan Cooley (LAK)
Power Play
Hartford Whalers - 1 on 4 Attempt(s) - 25.00%
Los Angeles Kings - 0 on 3 Attempt(s) - 0.00%
Penalty Kill
Hartford Whalers - 3 on 3 Attempt(s) - 100.00%
- Score 0 goal in Penalty Kill
Los Angeles Kings - 3 on 4 Attempt(s) - 75.00%
- Score 0 goal in Penalty Kill
Team Stat
Hartford Whalers - Hits : 24 - Faceoff Wins : 31 - Blocked Shots : 13 - Penalty Minutes : 16
Los Angeles Kings - Hits : 13 - Faceoff Wins : 32 - Blocked Shots : 16 - Penalty Minutes : 28
Official
Referees : Garrett Rank and Pierre Lambert
Linesman : Jonny Murray and Mitchell Hunt
Game Notes
Joshua Brown and Charlie McAvoy fight to a draw at 2:11 of 2nd period
K'Andre Miller and Charlie McAvoy fight to a draw at 0:03 of 3rd period
Finance
Level 1 -- Attendance: 4378 (72.97%) -- Ticket Income $437,800
Level 2 -- Attendance: 3746 (74.92%) -- Ticket Income $224,760
Level 3 -- Attendance: 2483 (82.77%) -- Ticket Income $86,905
Level 4 -- Attendance: 3493 (69.86%) -- Ticket Income $87,325
Luxury Box -- Attendance: 758 (75.80%) -- Ticket Income $151,600
Game was played at the Staples Center.
Total Attendance: 14858 (74.29%)
Total Ticket Income: $988,390
Other Income: $345,936
Total Income: $1,334,326
Hartford Whalers
5 vs 5 Forward
Center Left Wing Right Wing Time % Phy DF OF
1 Nick Suzuki Anthony Cirelli Jonathan Drouin 30 1 2 2
2 Morgan Frost Miles Wood T.J. Oshie 30 1 2 2
3 Lukas Reichel Tomas Tatar Kaapo Kakko 25 1 2 2
4 Matthew Coronato Taylor Hall Josh Anderson 15 1 2 2
5 vs 5 Defense
Defense Defense Time % Phy DF OF
1 Charlie McAvoy Ryan McDonagh 35 1 2 2
2 Torey Krug Ryan Suter 35 1 2 2
3 Kaiden Guhle Derek Forbort 30 1 2 2
4 Charlie McAvoy Ryan McDonagh 0 1 2 2
PowerPlay Forward
Center Left Wing Right Wing Time % Phy DF OF
1 Nick Suzuki Anthony Cirelli Jonathan Drouin 50 1 2 2
2 Morgan Frost Miles Wood T.J. Oshie 50 1 2 2
PowerPlay Defense
Defense Defense Time % Phy DF OF
1 Charlie McAvoy Ryan McDonagh 50 1 2 2
2 Torey Krug Ryan Suter 50 1 2 2
Penalty Kill 4 Players Forward
Center Wing Time % Phy DF OF
1 Nick Suzuki Anthony Cirelli 50 1 2 2
2 Jonathan Drouin Morgan Frost 50 1 2 2
Penalty Kill 4 Players Defense
Defense Defense Time % Phy DF OF
1 Charlie McAvoy Ryan McDonagh 50 1 2 2
2 Torey Krug Ryan Suter 50 1 2 2
Penalty Kill - 3 Players Forward
Forward Time % Phy DF OF
1 Nick Suzuki 50 1 2 2
2 Anthony Cirelli 50 1 2 2
Penalty Kill - 3 Players Defense
Defense Defense Time % Phy DF OF
1 Charlie McAvoy Ryan McDonagh 50 1 2 2
2 Torey Krug Ryan Suter 50 1 2 2
4 vs 4 Forward
Center Wing Time % Phy DF OF
1 Nick Suzuki Anthony Cirelli 50 1 2 2
2 Jonathan Drouin Morgan Frost 50 1 2 2
4 vs 4 Defense
Defense Defense Time % Phy DF OF
1 Charlie McAvoy Ryan McDonagh 50 1 2 2
2 Torey Krug Ryan Suter 50 1 2 2
Last Minutes Offensive
Center Left Wing Right Wing Defense Defense
Nick Suzuki Anthony Cirelli Jonathan Drouin Charlie McAvoy Ryan McDonagh
Last Minutes Defensive
Center Left Wing Right Wing Defense Defense
Nick Suzuki Anthony Cirelli Jonathan Drouin Charlie McAvoy Ryan McDonagh
Goaltenders
Starting : Anton Forsberg
Backup : Spencer Knight
Extra Forwards
Normal : Tomas Tatar, Taylor Hall, Kaapo Kakko - PP : Tomas Tatar, Taylor Hall - PK : Kaapo Kakko
Extra Defensemen
Normal : Kaiden Guhle, Charlie McAvoy, Torey Krug - PP : Kaiden Guhle - PK : Derek Forbort, Torey Krug
Penalty Shots
Nick Suzuki, Anthony Cirelli, Jonathan Drouin, Morgan Frost, T.J. Oshie
Scratches
Alec Martinez (Healthy), Joshua Norris (Left Foot Injury)
Los Angeles Kings
5 vs 5 Forward
Center Left Wing Right Wing Time % Phy DF OF
1 Logan Cooley Peyton Krebs Seth Jarvis 25 1 2 2
2 Adam Fantilli Trent Frederic Andrei Kuzmenko 25 1 2 2
3 Cooper Marody Michael Eyssimont Blake Wheeler 25 1 2 2
4 Ruslan Iskhakov Vitali Kravtsov Ryan Reaves 25 1 2 2
5 vs 5 Defense
Defense Defense Time % Phy DF OF
1 Noah Dobson K'Andre Miller 35 1 2 2
2 Owen Power Alexander Romanov 35 1 2 2
3 Joshua Brown Erik Brannstrom 30 1 2 2
4 Noah Dobson K'Andre Miller 0 1 2 2
PowerPlay Forward
Center Left Wing Right Wing Time % Phy DF OF
1 Logan Cooley Peyton Krebs Seth Jarvis 50 1 2 2
2 Adam Fantilli Trent Frederic Andrei Kuzmenko 50 1 2 2
PowerPlay Defense
Defense Defense Time % Phy DF OF
1 Noah Dobson K'Andre Miller 50 1 2 2
2 Owen Power Alexander Romanov 50 1 2 2
Penalty Kill 4 Players Forward
Center Wing Time % Phy DF OF
1 Seth Jarvis Andrei Kuzmenko 50 1 2 2
2 Logan Cooley Blake Wheeler 50 1 2 2
Penalty Kill 4 Players Defense
Defense Defense Time % Phy DF OF
1 Noah Dobson K'Andre Miller 50 1 2 2
2 Owen Power Alexander Romanov 50 1 2 2
Penalty Kill - 3 Players Forward
Forward Time % Phy DF OF
1 Seth Jarvis 50 1 2 2
2 Andrei Kuzmenko 50 1 2 2
Penalty Kill - 3 Players Defense
Defense Defense Time % Phy DF OF
1 Noah Dobson K'Andre Miller 50 1 2 2
2 Owen Power Alexander Romanov 50 1 2 2
4 vs 4 Forward
Center Wing Time % Phy DF OF
1 Seth Jarvis Andrei Kuzmenko 50 1 2 2
2 Logan Cooley Blake Wheeler 50 1 2 2
4 vs 4 Defense
Defense Defense Time % Phy DF OF
1 Noah Dobson K'Andre Miller 50 1 2 2
2 Owen Power Alexander Romanov 50 1 2 2
Last Minutes Offensive
Center Left Wing Right Wing Defense Defense
Logan Cooley Andrei Kuzmenko Seth Jarvis Noah Dobson K'Andre Miller
Last Minutes Defensive
Center Left Wing Right Wing Defense Defense
Logan Cooley Andrei Kuzmenko Seth Jarvis Noah Dobson K'Andre Miller
Goaltenders
Starting : Andrei Vasilevskiy
Backup : Jonas Johansson
Extra Forwards
Normal : Ryan Reaves, Cooper Marody, Michael Eyssimont - PP : Ryan Reaves, Cooper Marody - PK : Michael Eyssimont
Extra Defensemen
Normal : Joshua Brown, Erik Brannstrom, Owen Power - PP : Joshua Brown - PK : Erik Brannstrom, Owen Power
Penalty Shots
Seth Jarvis, Andrei Kuzmenko, Logan Cooley, Blake Wheeler, Trent Frederic
Scratches
Andrei Svechnikov (Healthy), Nicklas Backstrom (Healthy), Jakub Zboril (Healthy)
% Time on Ice - Hartford Whalers
Lines # - Real PCT - Wanted PCT - Time Play
Normal Forward
1 - 26% - 30% - 12:19
2 - 29% - 30% - 13:47
3 - 25% - 25% - 12:11
4 - 20% - 15% - 9:41
Normal Defense
1 - 36% - 35% - 17:09
2 - 36% - 35% - 17:07
3 - 29% - 30% - 13:42
4 - 0% - 0% - 0:00
PP Forward
1 - 51% - 50% - 3:05
2 - 49% - 50% - 3:00
PP Defense
1 - 57% - 50% - 3:28
2 - 43% - 50% - 2:37
PK Forward
1 - 52% - 50% - 3:04
2 - 48% - 50% - 2:53
PK Defense
1 - 46% - 50% - 2:46
2 - 54% - 50% - 3:11
PK3 Forward
1 - 0% - 50%
2 - 0% - 50%
PK3 Defense
1 - 0% - 50%
2 - 0% - 50%
44 Forward
1 - 0% - 50%
2 - 0% - 50%
44 Defense
1 - 0% - 50%
2 - 0% - 50%
Last Minute Offensive - 0:00
Last Minute Defensive - 0:00
Total
Forward - 60:00
Defense - 60:00
|
% Time on Ice - Los Angeles Kings
Lines # - Real PCT - Wanted PCT - Time Play
Normal Forward
1 - 25% - 25% - 12:08
2 - 23% - 25% - 10:58
3 - 25% - 25% - 12:09
4 - 27% - 25% - 12:43
Normal Defense
1 - 39% - 35% - 18:32
2 - 31% - 35% - 15:06
3 - 27% - 30% - 13:09
4 - 2% - 0% - 1:11
PP Forward
1 - 49% - 50% - 2:56
2 - 51% - 50% - 3:01
PP Defense
1 - 50% - 50% - 2:59
2 - 50% - 50% - 2:58
PK Forward
1 - 50% - 50% - 3:04
2 - 50% - 50% - 3:01
PK Defense
1 - 66% - 50% - 4:00
2 - 34% - 50% - 2:05
PK3 Forward
1 - 0% - 50%
2 - 0% - 50%
PK3 Defense
1 - 0% - 50%
2 - 0% - 50%
44 Forward
1 - 0% - 50%
2 - 0% - 50%
44 Defense
1 - 0% - 50%
2 - 0% - 50%
Last Minute Offensive - 0:00
Last Minute Defensive - 0:00
Total
Forward - 60:00
Defense - 60:00
|
Play-by-Play
1st period
0:01 of 1st period - Nick Suzuki wins face-off versus Logan Cooley in neutral zone.
0:14 of 1st period - Wrist shot by Jonathan Drouin.
0:14 of 1st period - Shot Misses the Net.
0:26 of 1st period - Trent Frederic is hit by Morgan Frost and loses puck.
0:53 of 1st period - Snap shot by Tomas Tatar.
0:53 of 1st period - Stopped by Andrei Vasilevskiy without a rebound.
0:54 of 1st period - Ruslan Iskhakov wins face-off versus Taylor Hall in Los Angeles Kings zone.
2:04 of 1st period - Erik Brannstrom is hit by Jonathan Drouin.
2:18 of 1st period - Wrist shot by Nick Suzuki.
2:18 of 1st period - Stopped by Andrei Vasilevskiy without a rebound.
2:19 of 1st period - Ryan Reaves wins face-off versus Matthew Coronato in Los Angeles Kings zone.
2:34 of 1st period - Wrist shot by Ruslan Iskhakov.
2:34 of 1st period - Shot Blocked by Ryan McDonagh.
2:55 of 1st period - Slapshot by Noah Dobson.
2:55 of 1st period - Shot Misses the Net.
3:05 of 1st period - Wrist shot by Ruslan Iskhakov.
3:05 of 1st period - Stopped by Anton Forsberg with a rebound.
3:19 of 1st period - Snap shot by Ryan Reaves.
3:19 of 1st period - Stopped by Anton Forsberg with a rebound.
3:21 of 1st period - Backhand shot by K'Andre Miller.
3:21 of 1st period - Stopped by Anton Forsberg with a rebound.
3:23 of 1st period - Snap shot by Noah Dobson.
3:23 of 1st period - Shot Blocked by Morgan Frost.
3:25 of 1st period - Slapshot by K'Andre Miller.
3:25 of 1st period - Deflect By T.J. Oshie.
3:25 of 1st period - Stopped by Anton Forsberg with a rebound.
3:27 of 1st period - Slapshot by Ryan Reaves.
3:27 of 1st period - Shot Misses the Net.
3:29 of 1st period - Snap shot by K'Andre Miller.
3:29 of 1st period - Deflect By Miles Wood.
3:29 of 1st period - Stopped by Anton Forsberg without a rebound.
3:30 of 1st period - Nick Suzuki wins face-off versus Cooper Marody in Hartford Whalers zone.
4:42 of 1st period - Wrist shot by Nick Suzuki.
4:42 of 1st period - Stopped by Andrei Vasilevskiy with a rebound.
5:08 of 1st period - Minor Penalty to Kaapo Kakko for Tripping.
5:09 of 1st period - Nick Suzuki wins face-off versus Logan Cooley in Hartford Whalers zone.
5:58 of 1st period - Snap shot by Seth Jarvis.
5:58 of 1st period - Stopped by Anton Forsberg with a rebound.
6:10 of 1st period - K'Andre Miller is hit by Nick Suzuki and loses puck.
6:51 of 1st period - Nick Suzuki is hit by Trent Frederic and loses puck.
7:08 of 1st period - Penalty to Kaapo Kakko is over, Kaapo Kakko is back on ice.
7:25 of 1st period - Snap shot by Lukas Reichel.
7:25 of 1st period - Stopped by Andrei Vasilevskiy without a rebound.
7:26 of 1st period - Ruslan Iskhakov wins face-off versus Matthew Coronato in Los Angeles Kings zone.
7:35 of 1st period - Ruslan Iskhakov is hit by Matthew Coronato and loses puck.
8:24 of 1st period - Wrist shot by Nick Suzuki.
8:24 of 1st period - Shot Hit the Post.
8:43 of 1st period - Snap shot by Adam Fantilli.
8:43 of 1st period - Shot Misses the Net.
8:45 of 1st period - Snap shot by Andrei Kuzmenko.
8:45 of 1st period - Stopped by Anton Forsberg without a rebound.
8:46 of 1st period - Logan Cooley wins face-off versus Morgan Frost in Hartford Whalers zone.
8:47 of 1st period - Wrist shot by Seth Jarvis.
8:47 of 1st period - Goal by Seth Jarvis - Hartford Whalers : 0 - Los Angeles Kings : 1.
8:48 of 1st period - Nick Suzuki wins face-off versus Logan Cooley in neutral zone.
9:05 of 1st period - Seth Jarvis is hit by Jonathan Drouin and loses puck.
9:46 of 1st period - Slapshot by Blake Wheeler.
9:46 of 1st period - Shot Blocked by Ryan McDonagh.
10:39 of 1st period - Joshua Brown is hit by T.J. Oshie and loses puck.
11:05 of 1st period - Ruslan Iskhakov is hit by Torey Krug and loses puck.
11:27 of 1st period - Wrist shot by Seth Jarvis.
11:27 of 1st period - Deflect By Peyton Krebs.
11:27 of 1st period - Shot Blocked by Taylor Hall.
11:27 of 1st period - Puck is out of play.
11:28 of 1st period - Nick Suzuki wins face-off versus Adam Fantilli in Hartford Whalers zone.
11:28 of 1st period - Nick Suzuki is hit by Noah Dobson.
11:36 of 1st period - Snap shot by Anthony Cirelli.
11:36 of 1st period - Stopped by Andrei Vasilevskiy with a rebound.
11:40 of 1st period - Wrist shot by Jonathan Drouin.
11:40 of 1st period - Shot Misses the Net.
11:42 of 1st period - Wrist shot by Nick Suzuki.
11:42 of 1st period - Shot Misses the Net.
11:44 of 1st period - Slapshot by Anthony Cirelli.
11:44 of 1st period - Shot Misses the Net.
11:54 of 1st period - Andrei Kuzmenko is hit by Lukas Reichel and loses puck.
12:21 of 1st period - Snap shot by Matthew Coronato.
12:21 of 1st period - Stopped by Andrei Vasilevskiy without a rebound.
12:22 of 1st period - Logan Cooley wins face-off versus Matthew Coronato in Los Angeles Kings zone.
12:31 of 1st period - Snap shot by Taylor Hall.
12:31 of 1st period - Shot Blocked by Alexander Romanov.
12:33 of 1st period - Slapshot by Torey Krug.
12:33 of 1st period - Goal by Torey Krug - Hartford Whalers : 1 - Los Angeles Kings : 1.
12:34 of 1st period - Morgan Frost wins face-off versus Logan Cooley in neutral zone.
12:59 of 1st period - Cooper Marody is hit by Ryan Suter and loses puck.
13:04 of 1st period - Wrist shot by Nick Suzuki.
13:04 of 1st period - Deflect By Noah Dobson.
13:04 of 1st period - Stopped by Andrei Vasilevskiy with a rebound.
13:06 of 1st period - Snap shot by Derek Forbort.
13:06 of 1st period - Stopped by Andrei Vasilevskiy with a rebound.
13:08 of 1st period - Slapshot by Derek Forbort.
13:08 of 1st period - Shot Blocked by Noah Dobson.
13:16 of 1st period - Minor Penalty to Michael Eyssimont for Interference.
13:17 of 1st period - Nick Suzuki wins face-off versus Seth Jarvis in Los Angeles Kings zone.
14:41 of 1st period - Icing by T.J. Oshie.
14:42 of 1st period - Logan Cooley wins face-off versus Morgan Frost in Hartford Whalers zone.
15:09 of 1st period - Morgan Frost is hit by Logan Cooley and loses puck.
15:16 of 1st period - Penalty to Michael Eyssimont is over, Michael Eyssimont is back on ice.
15:31 of 1st period - Wrist shot by Tomas Tatar.
15:31 of 1st period - Shot Blocked by Owen Power.
15:33 of 1st period - Slapshot by Tomas Tatar.
15:33 of 1st period - Stopped by Andrei Vasilevskiy with a rebound.
15:45 of 1st period - Wrist shot by Matthew Coronato.
15:45 of 1st period - Shot Blocked by Alexander Romanov.
15:47 of 1st period - Slapshot by Kaiden Guhle.
15:47 of 1st period - Stopped by Andrei Vasilevskiy without a rebound.
15:48 of 1st period - Ruslan Iskhakov wins face-off versus Matthew Coronato in Los Angeles Kings zone.
16:01 of 1st period - Wrist shot by Ryan Reaves.
16:01 of 1st period - Deflect By Taylor Hall.
16:01 of 1st period - Shot Misses the Net.
16:01 of 1st period - Puck is out of play.
16:02 of 1st period - Adam Fantilli wins face-off versus Morgan Frost in Hartford Whalers zone.
16:06 of 1st period - Minor Penalty to Derek Forbort for Tripping.
16:07 of 1st period - Adam Fantilli wins face-off versus Nick Suzuki in Hartford Whalers zone.
16:33 of 1st period - Snap shot by Seth Jarvis.
16:33 of 1st period - Stopped by Anton Forsberg without a rebound.
16:34 of 1st period - Logan Cooley wins face-off versus Jonathan Drouin in Hartford Whalers zone.
18:06 of 1st period - Penalty to Derek Forbort is over, Derek Forbort is back on ice.
18:22 of 1st period - Snap shot by Nick Suzuki.
18:22 of 1st period - Shot Misses the Net.
18:34 of 1st period - Cooper Marody is hit by Taylor Hall and loses puck.
18:41 of 1st period - Wrist shot by Matthew Coronato.
18:41 of 1st period - Stopped by Andrei Vasilevskiy with a rebound.
18:43 of 1st period - Slapshot by Charlie McAvoy.
18:43 of 1st period - Deflect By Matthew Coronato.
18:43 of 1st period - Shot Blocked by Erik Brannstrom.
18:43 of 1st period - Puck is out of play.
18:44 of 1st period - Lukas Reichel wins face-off versus Peyton Krebs in Los Angeles Kings zone.
18:47 of 1st period - Wrist shot by Kaapo Kakko.
18:47 of 1st period - Stopped by Andrei Vasilevskiy with a rebound.
18:49 of 1st period - Slapshot by Ryan Suter.
18:49 of 1st period - Shot Blocked by Alexander Romanov.
18:51 of 1st period - Slapshot by Torey Krug.
18:51 of 1st period - Shot Blocked by Seth Jarvis.
18:53 of 1st period - Snap shot by Tomas Tatar.
18:53 of 1st period - Stopped by Andrei Vasilevskiy without a rebound.
18:54 of 1st period - Lukas Reichel wins face-off versus Logan Cooley in Los Angeles Kings zone.
18:59 of 1st period - Slapshot by Charlie McAvoy.
18:59 of 1st period - Stopped by Andrei Vasilevskiy with a rebound.
19:01 of 1st period - Wrist shot by Lukas Reichel.
19:01 of 1st period - Shot Misses the Net.
19:03 of 1st period - Snap shot by Kaapo Kakko.
19:03 of 1st period - Stopped by Andrei Vasilevskiy with a rebound.
19:07 of 1st period - Slapshot by Charlie McAvoy.
19:07 of 1st period - Stopped by Andrei Vasilevskiy without a rebound.
19:08 of 1st period - Cooper Marody wins face-off versus Morgan Frost in Los Angeles Kings zone.
19:08 of 1st period - Cooper Marody is hit by Torey Krug.
Goals for this period are 1 for Hartford Whalers vs 1 for Los Angeles Kings.
Shots for this period are 17 for Hartford Whalers vs 9 for Los Angeles Kings.
2nd period
0:01 of 2nd period - Morgan Frost wins face-off versus Ruslan Iskhakov in neutral zone.
0:12 of 2nd period - Slapshot by T.J. Oshie.
0:12 of 2nd period - Shot Misses the Net.
0:14 of 2nd period - Slapshot by Charlie McAvoy.
0:14 of 2nd period - Stopped by Andrei Vasilevskiy without a rebound.
0:15 of 2nd period - Nick Suzuki wins face-off versus Logan Cooley in Los Angeles Kings zone.
0:26 of 2nd period - Snap shot by Seth Jarvis.
0:26 of 2nd period - Stopped by Anton Forsberg without a rebound.
0:27 of 2nd period - Ruslan Iskhakov wins face-off versus Morgan Frost in Hartford Whalers zone.
0:52 of 2nd period - Jonathan Drouin is hit by Michael Eyssimont and loses puck.
1:25 of 2nd period - Kaapo Kakko is hit by Adam Fantilli.
1:51 of 2nd period - Logan Cooley is hit by Morgan Frost and loses puck.
2:04 of 2nd period - Slapshot by Noah Dobson.
2:04 of 2nd period - Deflect By Ruslan Iskhakov.
2:04 of 2nd period - Stopped by Anton Forsberg without a rebound.
2:05 of 2nd period - Matthew Coronato wins face-off versus Ruslan Iskhakov in Hartford Whalers zone.
2:10 of 2nd period - Wrist shot by Taylor Hall.
2:10 of 2nd period - Shot Misses the Net.
2:11 of 2nd period - Joshua Brown and Charlie McAvoy fight to a draw.
2:11 of 2nd period - Penalty to Joshua Brown for Fighting.
2:11 of 2nd period - Penalty to Charlie McAvoy for Fighting.
2:12 of 2nd period - Morgan Frost wins face-off versus Cooper Marody in Los Angeles Kings zone.
2:15 of 2nd period - Snap shot by Morgan Frost.
2:15 of 2nd period - Stopped by Andrei Vasilevskiy with a rebound.
3:25 of 2nd period - Wrist shot by Taylor Hall.
3:25 of 2nd period - Stopped by Andrei Vasilevskiy with a rebound.
4:17 of 2nd period - Minor Penalty to Noah Dobson for Slashing.
4:18 of 2nd period - Nick Suzuki wins face-off versus Logan Cooley in Los Angeles Kings zone.
4:31 of 2nd period - Nick Suzuki is hit by Seth Jarvis and loses puck.
4:44 of 2nd period - Miles Wood is hit by Owen Power and loses puck.
4:53 of 2nd period - Blake Wheeler is hit by T.J. Oshie and loses puck.
6:17 of 2nd period - Penalty to Noah Dobson is over, Noah Dobson is back on ice.
7:02 of 2nd period - Icing by Ryan Suter.
7:03 of 2nd period - Ruslan Iskhakov wins face-off versus Matthew Coronato in Hartford Whalers zone.
7:47 of 2nd period - Owen Power is hit by Tomas Tatar and loses puck.
8:13 of 2nd period - Ruslan Iskhakov is hit by Tomas Tatar.
8:42 of 2nd period - Snap shot by Tomas Tatar.
8:42 of 2nd period - Deflect By Kaapo Kakko.
8:42 of 2nd period - Shot Misses the Net.
8:42 of 2nd period - Puck is out of play.
8:43 of 2nd period - Adam Fantilli wins face-off versus Morgan Frost in Los Angeles Kings zone.
8:56 of 2nd period - Backhand shot by Andrei Kuzmenko.
8:56 of 2nd period - Shot Misses the Net.
9:14 of 2nd period - Slapshot by Matthew Coronato.
9:14 of 2nd period - Stopped by Andrei Vasilevskiy without a rebound.
9:15 of 2nd period - Logan Cooley wins face-off versus Matthew Coronato in Los Angeles Kings zone.
9:15 of 2nd period - Logan Cooley is hit by Charlie McAvoy.
9:49 of 2nd period - Wrist shot by Morgan Frost.
9:49 of 2nd period - Stopped by Andrei Vasilevskiy with a rebound.
9:51 of 2nd period - Slapshot by Ryan Suter.
9:51 of 2nd period - Deflect By Blake Wheeler.
9:51 of 2nd period - Stopped by Andrei Vasilevskiy without a rebound.
9:52 of 2nd period - Adam Fantilli wins face-off versus Morgan Frost in Los Angeles Kings zone.
10:21 of 2nd period - Wrist shot by Jonathan Drouin.
10:21 of 2nd period - Stopped by Andrei Vasilevskiy without a rebound.
10:22 of 2nd period - Logan Cooley wins face-off versus Nick Suzuki in Los Angeles Kings zone.
10:22 of 2nd period - Logan Cooley is hit by Charlie McAvoy.
11:19 of 2nd period - Wrist shot by Andrei Kuzmenko.
11:19 of 2nd period - Shot Blocked by Tomas Tatar.
11:21 of 2nd period - Slapshot by Erik Brannstrom.
11:21 of 2nd period - Deflect By Andrei Kuzmenko.
11:21 of 2nd period - Shot Misses the Net.
11:21 of 2nd period - Puck is out of play.
11:22 of 2nd period - Nick Suzuki wins face-off versus Logan Cooley in Hartford Whalers zone.
11:33 of 2nd period - Snap shot by Logan Cooley.
11:33 of 2nd period - Stopped by Anton Forsberg with a rebound.
11:39 of 2nd period - Snap shot by Jonathan Drouin.
11:39 of 2nd period - Stopped by Andrei Vasilevskiy with a rebound.
12:28 of 2nd period - Snap shot by Matthew Coronato.
12:28 of 2nd period - Stopped by Andrei Vasilevskiy with a rebound.
12:57 of 2nd period - Off-side.
12:58 of 2nd period - Adam Fantilli wins face-off versus T.J. Oshie in neutral zone.
13:03 of 2nd period - Slapshot by Andrei Kuzmenko.
13:03 of 2nd period - Deflect By Trent Frederic.
13:03 of 2nd period - Shot Blocked by Charlie McAvoy.
13:03 of 2nd period - Puck is out of play.
13:04 of 2nd period - Morgan Frost wins face-off versus Trent Frederic in Hartford Whalers zone.
13:11 of 2nd period - Wrist shot by Morgan Frost.
13:11 of 2nd period - Shot Blocked by Owen Power.
13:31 of 2nd period - Snap shot by Jonathan Drouin.
13:31 of 2nd period - Stopped by Andrei Vasilevskiy with a rebound.
14:18 of 2nd period - Snap shot by Seth Jarvis.
14:18 of 2nd period - Shot Blocked by Ryan Suter.
14:20 of 2nd period - Slapshot by Alexander Romanov.
14:20 of 2nd period - Goal by Alexander Romanov - Hartford Whalers : 1 - Los Angeles Kings : 2.
14:21 of 2nd period - Adam Fantilli wins face-off versus Nick Suzuki in neutral zone.
14:28 of 2nd period - Snap shot by Adam Fantilli.
14:28 of 2nd period - Shot Misses the Net.
14:30 of 2nd period - Snap shot by K'Andre Miller.
14:30 of 2nd period - Stopped by Anton Forsberg with a rebound.
14:32 of 2nd period - Wrist shot by Adam Fantilli.
14:32 of 2nd period - Shot Misses the Net.
14:34 of 2nd period - Slapshot by K'Andre Miller.
14:34 of 2nd period - Shot Blocked by Ryan McDonagh.
14:36 of 2nd period - Slapshot by Noah Dobson.
14:36 of 2nd period - Stopped by Anton Forsberg with a rebound.
14:59 of 2nd period - Charlie McAvoy is hit by Joshua Brown and loses puck.
15:12 of 2nd period - Kaapo Kakko is hit by Seth Jarvis and loses puck.
16:00 of 2nd period - Snap shot by Andrei Kuzmenko.
16:00 of 2nd period - Shot Misses the Net.
16:16 of 2nd period - Wrist shot by T.J. Oshie.
16:16 of 2nd period - Stopped by Andrei Vasilevskiy without a rebound.
16:17 of 2nd period - Cooper Marody wins face-off versus Nick Suzuki in Los Angeles Kings zone.
16:21 of 2nd period - Off-side.
16:22 of 2nd period - Cooper Marody wins face-off versus Nick Suzuki in neutral zone.
16:50 of 2nd period - Snap shot by Blake Wheeler.
16:50 of 2nd period - Shot Misses the Net.
17:10 of 2nd period - Snap shot by Logan Cooley.
17:10 of 2nd period - Stopped by Anton Forsberg with a rebound.
17:12 of 2nd period - Snap shot by Peyton Krebs.
17:12 of 2nd period - Stopped by Anton Forsberg without a rebound.
17:13 of 2nd period - Nick Suzuki wins face-off versus Logan Cooley in Hartford Whalers zone.
17:18 of 2nd period - Noah Dobson is hit by Jonathan Drouin and loses puck.
17:46 of 2nd period - Snap shot by Morgan Frost.
17:46 of 2nd period - Stopped by Andrei Vasilevskiy without a rebound.
17:47 of 2nd period - Nick Suzuki wins face-off versus Ruslan Iskhakov in Los Angeles Kings zone.
17:48 of 2nd period - Slapshot by Jonathan Drouin.
17:48 of 2nd period - Stopped by Andrei Vasilevskiy with a rebound.
17:50 of 2nd period - Wrist shot by Anthony Cirelli.
17:50 of 2nd period - Shot Misses the Net.
17:52 of 2nd period - Wrist shot by Jonathan Drouin.
17:52 of 2nd period - Shot Blocked by Owen Power.
17:54 of 2nd period - Wrist shot by Jonathan Drouin.
17:54 of 2nd period - Shot Misses the Net.
17:56 of 2nd period - Snap shot by Nick Suzuki.
17:56 of 2nd period - Stopped by Andrei Vasilevskiy with a rebound.
17:58 of 2nd period - Snap shot by Jonathan Drouin.
17:58 of 2nd period - Shot Blocked by Ruslan Iskhakov.
18:00 of 2nd period - Snap shot by Anthony Cirelli.
18:00 of 2nd period - Stopped by Andrei Vasilevskiy without a rebound.
18:01 of 2nd period - Morgan Frost wins face-off versus Adam Fantilli in Los Angeles Kings zone.
19:53 of 2nd period - Kaiden Guhle is hit by Blake Wheeler and loses puck.
Goals for this period are 0 for Hartford Whalers vs 1 for Los Angeles Kings.
Shots for this period are 15 for Hartford Whalers vs 8 for Los Angeles Kings.
3rd period
0:01 of 3rd period - Ruslan Iskhakov wins face-off versus Morgan Frost in neutral zone.
0:03 of 3rd period - K'Andre Miller and Charlie McAvoy fight to a draw.
0:03 of 3rd period - Penalty to K'Andre Miller for Fighting.
0:03 of 3rd period - Penalty to Charlie McAvoy for Fighting.
0:03 of 3rd period - Penalty to K'Andre Miller for instigated a fight.
0:03 of 3rd period - Penalty to K'Andre Miller for instigated a fight.
0:04 of 3rd period - Nick Suzuki wins face-off versus Logan Cooley in neutral zone.
2:03 of 3rd period - Penalty to K'Andre Miller is over, Andrei Kuzmenko is send on ice.
2:15 of 3rd period - Slapshot by Erik Brannstrom.
2:15 of 3rd period - Stopped by Anton Forsberg with a rebound.
2:17 of 3rd period - Slapshot by Erik Brannstrom.
2:17 of 3rd period - Stopped by Anton Forsberg without a rebound.
2:18 of 3rd period - Lukas Reichel wins face-off versus Ruslan Iskhakov in Hartford Whalers zone.
2:47 of 3rd period - Ryan Reaves is hit by Taylor Hall and loses puck.
2:54 of 3rd period - Slapshot by Erik Brannstrom.
2:54 of 3rd period - Stopped by Anton Forsberg without a rebound.
2:55 of 3rd period - Adam Fantilli wins face-off versus Morgan Frost in Hartford Whalers zone.
2:56 of 3rd period - Slapshot by Andrei Kuzmenko.
2:56 of 3rd period - Goal by Andrei Kuzmenko - Hartford Whalers : 1 - Los Angeles Kings : 3.
2:57 of 3rd period - Adam Fantilli wins face-off versus Morgan Frost in neutral zone.
3:00 of 3rd period - Slapshot by Noah Dobson.
3:00 of 3rd period - Stopped by Anton Forsberg with a rebound.
3:10 of 3rd period - Slapshot by Noah Dobson.
3:10 of 3rd period - Deflect By Adam Fantilli.
3:10 of 3rd period - Stopped by Anton Forsberg without a rebound.
3:11 of 3rd period - Nick Suzuki wins face-off versus Logan Cooley in Hartford Whalers zone.
4:00 of 3rd period - Off-side.
4:01 of 3rd period - Lukas Reichel wins face-off versus Adam Fantilli in neutral zone.
4:04 of 3rd period - Backhand shot by Torey Krug.
4:04 of 3rd period - Stopped by Andrei Vasilevskiy with a rebound.
4:06 of 3rd period - Slapshot by Torey Krug.
4:06 of 3rd period - Shot Misses the Net.
4:08 of 3rd period - Snap shot by Tomas Tatar.
4:08 of 3rd period - Stopped by Andrei Vasilevskiy with a rebound.
4:10 of 3rd period - Snap shot by Kaapo Kakko.
4:10 of 3rd period - Stopped by Andrei Vasilevskiy with a rebound.
4:12 of 3rd period - Snap shot by Lukas Reichel.
4:12 of 3rd period - Shot Blocked by Andrei Kuzmenko.
4:14 of 3rd period - Slapshot by Torey Krug.
4:14 of 3rd period - Stopped by Andrei Vasilevskiy with a rebound.
4:16 of 3rd period - Slapshot by Kaapo Kakko.
4:16 of 3rd period - Stopped by Andrei Vasilevskiy with a rebound.
4:26 of 3rd period - Snap shot by Morgan Frost.
4:26 of 3rd period - Stopped by Andrei Vasilevskiy without a rebound.
4:27 of 3rd period - Peyton Krebs wins face-off versus Morgan Frost in Los Angeles Kings zone.
4:36 of 3rd period - Slapshot by Logan Cooley.
4:36 of 3rd period - Stopped by Anton Forsberg with a rebound.
4:42 of 3rd period - Owen Power is hit by Miles Wood and loses puck.
4:58 of 3rd period - Slapshot by Blake Wheeler.
4:58 of 3rd period - Shot Blocked by Ryan Suter.
5:00 of 3rd period - Slapshot by Alexander Romanov.
5:00 of 3rd period - Stopped by Anton Forsberg with a rebound.
5:02 of 3rd period - Wrist shot by Blake Wheeler.
5:02 of 3rd period - Shot Hit the Post.
5:04 of 3rd period - Slapshot by Alexander Romanov.
5:04 of 3rd period - Shot Misses the Net.
5:06 of 3rd period - Slapshot by Owen Power.
5:06 of 3rd period - Shot Blocked by Ryan Suter.
5:23 of 3rd period - Wrist shot by Noah Dobson.
5:23 of 3rd period - Stopped by Anton Forsberg with a rebound.
5:37 of 3rd period - Snap shot by Ryan Reaves.
5:37 of 3rd period - Deflect By Taylor Hall.
5:37 of 3rd period - Shot Misses the Net.
5:37 of 3rd period - Puck is out of play.
5:38 of 3rd period - Logan Cooley wins face-off versus Matthew Coronato in Hartford Whalers zone.
5:41 of 3rd period - Snap shot by Seth Jarvis.
5:41 of 3rd period - Stopped by Anton Forsberg with a rebound.
5:51 of 3rd period - Slapshot by Derek Forbort.
5:51 of 3rd period - Shot Misses the Net.
5:53 of 3rd period - Backhand shot by Derek Forbort.
5:53 of 3rd period - Stopped by Andrei Vasilevskiy without a rebound.
5:54 of 3rd period - Cooper Marody wins face-off versus Miles Wood in Los Angeles Kings zone.
6:01 of 3rd period - Wrist shot by T.J. Oshie.
6:01 of 3rd period - Stopped by Andrei Vasilevskiy without a rebound.
6:02 of 3rd period - Morgan Frost wins face-off versus Cooper Marody in Los Angeles Kings zone.
6:11 of 3rd period - Slapshot by Blake Wheeler.
6:11 of 3rd period - Stopped by Anton Forsberg without a rebound.
6:12 of 3rd period - Adam Fantilli wins face-off versus Nick Suzuki in Hartford Whalers zone.
6:35 of 3rd period - Minor Penalty to Trent Frederic for Roughing.
6:36 of 3rd period - Nick Suzuki wins face-off versus Seth Jarvis in Los Angeles Kings zone.
6:41 of 3rd period - Wrist shot by Jonathan Drouin.
6:41 of 3rd period - Stopped by Andrei Vasilevskiy without a rebound.
6:42 of 3rd period - Nick Suzuki wins face-off versus Seth Jarvis in Los Angeles Kings zone.
6:43 of 3rd period - Wrist shot by Jonathan Drouin.
6:43 of 3rd period - Goal by Jonathan Drouin - Hartford Whalers : 2 - Los Angeles Kings : 3.
6:44 of 3rd period - Morgan Frost wins face-off versus Ruslan Iskhakov in neutral zone.
7:29 of 3rd period - Icing by Blake Wheeler.
7:30 of 3rd period - Cooper Marody wins face-off versus Lukas Reichel in Los Angeles Kings zone.
7:30 of 3rd period - Cooper Marody is hit by Kaapo Kakko.
7:45 of 3rd period - Snap shot by Ruslan Iskhakov.
7:45 of 3rd period - Shot Blocked by Tomas Tatar.
7:51 of 3rd period - Joshua Brown is hit by Kaapo Kakko and loses puck.
7:56 of 3rd period - Slapshot by Torey Krug.
7:56 of 3rd period - Stopped by Andrei Vasilevskiy with a rebound.
7:58 of 3rd period - Slapshot by Torey Krug.
7:58 of 3rd period - Shot Misses the Net.
8:00 of 3rd period - Slapshot by Torey Krug.
8:00 of 3rd period - Stopped by Andrei Vasilevskiy with a rebound.
8:02 of 3rd period - Snap shot by Tomas Tatar.
8:02 of 3rd period - Shot Blocked by Joshua Brown.
8:04 of 3rd period - Slapshot by Ryan Suter.
8:04 of 3rd period - Stopped by Andrei Vasilevskiy without a rebound.
8:05 of 3rd period - Morgan Frost wins face-off versus Adam Fantilli in Los Angeles Kings zone.
8:06 of 3rd period - Wrist shot by T.J. Oshie.
8:06 of 3rd period - Shot Misses the Net.
8:41 of 3rd period - Wrist shot by Blake Wheeler.
8:41 of 3rd period - Shot Blocked by Jonathan Drouin.
9:36 of 3rd period - Minor Penalty to Torey Krug for Tripping.
9:37 of 3rd period - Jonathan Drouin wins face-off versus Logan Cooley in Hartford Whalers zone.
9:53 of 3rd period - Snap shot by Owen Power.
9:53 of 3rd period - Stopped by Anton Forsberg with a rebound.
11:18 of 3rd period - Alexander Romanov is hit by Morgan Frost and loses puck.
11:26 of 3rd period - Icing by Alexander Romanov.
11:27 of 3rd period - Jonathan Drouin wins face-off versus Seth Jarvis in Los Angeles Kings zone.
11:36 of 3rd period - Penalty to Torey Krug is over, Torey Krug is back on ice.
11:46 of 3rd period - Slapshot by Lukas Reichel.
11:46 of 3rd period - Stopped by Andrei Vasilevskiy with a rebound.
11:48 of 3rd period - Snap shot by Kaapo Kakko.
11:48 of 3rd period - Shot Blocked by Michael Eyssimont.
11:50 of 3rd period - Wrist shot by Lukas Reichel.
11:50 of 3rd period - Stopped by Andrei Vasilevskiy without a rebound.
11:51 of 3rd period - Ruslan Iskhakov wins face-off versus Matthew Coronato in Los Angeles Kings zone.
12:37 of 3rd period - Snap shot by Andrei Kuzmenko.
12:37 of 3rd period - Shot Misses the Net.
12:39 of 3rd period - Backhand shot by Adam Fantilli.
12:39 of 3rd period - Shot Misses the Net.
13:45 of 3rd period - Taylor Hall is hit by Ruslan Iskhakov and loses puck.
14:38 of 3rd period - Matthew Coronato is hit by Alexander Romanov and loses puck.
15:03 of 3rd period - 10 Minutes Misconduct Penalty to K'Andre Miller is over.
15:32 of 3rd period - Snap shot by Charlie McAvoy.
15:32 of 3rd period - Shot Misses the Net.
15:34 of 3rd period - Snap shot by Taylor Hall.
15:34 of 3rd period - Stopped by Andrei Vasilevskiy with a rebound.
15:54 of 3rd period - Snap shot by Ryan McDonagh.
15:54 of 3rd period - Deflect By Taylor Hall.
15:54 of 3rd period - Shot Misses the Net.
15:54 of 3rd period - Puck is out of play.
15:55 of 3rd period - Blake Wheeler wins face-off versus Lukas Reichel in Los Angeles Kings zone.
16:32 of 3rd period - Wrist shot by Logan Cooley.
16:32 of 3rd period - Goal by Logan Cooley - Hartford Whalers : 2 - Los Angeles Kings : 4.
16:33 of 3rd period - Cooper Marody wins face-off versus Lukas Reichel in neutral zone.
16:43 of 3rd period - Wrist shot by Blake Wheeler.
16:43 of 3rd period - Stopped by Anton Forsberg with a rebound.
16:45 of 3rd period - Slapshot by K'Andre Miller.
16:45 of 3rd period - Shot Blocked by Derek Forbort.
17:01 of 3rd period - Wrist shot by Jonathan Drouin.
17:01 of 3rd period - Shot Blocked by Noah Dobson.
17:03 of 3rd period - Slapshot by Derek Forbort.
17:03 of 3rd period - Shot Misses the Net.
17:11 of 3rd period - Snap shot by Nick Suzuki.
17:11 of 3rd period - Stopped by Andrei Vasilevskiy with a rebound.
17:13 of 3rd period - Wrist shot by Nick Suzuki.
17:13 of 3rd period - Stopped by Andrei Vasilevskiy with a rebound.
17:29 of 3rd period - Wrist shot by Miles Wood.
17:29 of 3rd period - Shot Blocked by Ruslan Iskhakov.
17:31 of 3rd period - Slapshot by Miles Wood.
17:31 of 3rd period - Shot Blocked by Ruslan Iskhakov.
17:33 of 3rd period - Slapshot by T.J. Oshie.
17:33 of 3rd period - Shot Hit the Post.
18:13 of 3rd period - Snap shot by Blake Wheeler.
18:13 of 3rd period - Shot Misses the Net.
18:51 of 3rd period - Wrist shot by Seth Jarvis.
18:51 of 3rd period - Shot Misses the Net.
19:18 of 3rd period - Blake Wheeler is hit by Jonathan Drouin and loses puck.
19:30 of 3rd period - Icing by Torey Krug.
19:31 of 3rd period - Anthony Cirelli wins face-off versus Logan Cooley in Hartford Whalers zone.
19:50 of 3rd period - Morgan Frost is hit by Logan Cooley and loses puck.
Goals for this period are 1 for Hartford Whalers vs 2 for Los Angeles Kings.
Shots for this period are 18 for Hartford Whalers vs 14 for Los Angeles Kings.
Back to the Top